 Dungeon Crawl Stone Soup version 0.30-a0-222-ge547ba4400 (webtiles) character file.

Game seed: 13158560766456233521

173 qw the Chopper (level 5, 0/32 HPs)
             Began as a Gargoyle Fighter on Oct 8, 2022.
             Slain by Sigmund
             ... wielding a +0 scythe of venom
              (4 damage)
             ... on level 3 of the Dungeon.
             The game lasted 00:01:07 (2240 turns).

qw the Chopper (Gargoyle Fighter)                   Turns: 2240, Time: 00:01:08

Health: 0/32       AC: 14    Str: 21    XL:     5   Next: 53%
Magic:  5/5        EV:  7    Int:  9    God:
Gold:   618        SH:  0    Dex:  9    Spells: 4/4 levels left

rFire   . . .      SeeInvis .    Y - +0 war axe
rCold   . . .      Faith    .    c - +0 buckler
rNeg    + . .      Spirit   .    n - +0 chain mail
rPois   inf        Reflect  .    g - +1 hat
rElec   +          Harm     .    (no cloak)
rCorr   .          Rampage  .    (no gloves)
Will    .....                    (no boots)
Stlth   ..........               (no amulet)
HPRegen 0.25/turn                (no ring)
MPRegen 0.09/turn                (no ring)

@: confused
A: sickness immunity, AC +4, negative energy resistance 1, electricity
resistance, torment resistance 1, petrification resistance
a: no special abilities


You were on level 3 of the Dungeon.
You visited 1 branch of the dungeon, and saw 3 of its levels.

You collected 618 gold pieces.


Innate Abilities, Weirdness & Mutations

You are immune to sickness and miasma.
Your stone body is resilient. (AC +4)
You are immune to poison.
You resist negative energy. (rN+)
You are resistant to electric shocks. (rElec)
You are resistant to unholy torment.
You are immune to petrification.


   Skills:
 + Level 3.5 Fighting
 - Level 5.0 Axes
 - Level 3.2 Armour
 - Level 3.2 Shields


You had 4 spell levels left.
You didn't know any spells.
Your spell library was empty.

Inventory:

Hand Weapons
 e - a +0 whip
 Y - a +0 war axe (weapon)
Armour
 a - a +0 pair of gloves
 c - a +0 buckler (worn)
 g - a +1 hat (worn)
 n - a +0 chain mail (worn)
Scrolls
 k - a scroll of magic mapping {unknown}
Potions
 b - 2 potions of curing {unknown}
 d - a potion of might
 f - a potion of flight {unknown}
 h - a potion of brilliance {unknown}
 i - 2 potions of attraction
 l - a potion of haste {unknown}
 m - a potion of heal wounds
 o - a potion of lignification

Dungeon Overview and Level Annotations

Branches:
Dungeon (3/15)

Altars:
Elyvilon
Qazlal
Ru
Yredelemnul
The Shining One

Annotations:
D:3 Sigmund


Message History

Deactivating autopickup; reactivate with Ctrl-A.
You closely miss something. Something hits you.
You barely miss something.
You hear some strange, mumbled words.
Something tries to affect you, but you resist.
You barely miss something. Something hits you but does no damage.
You hit something. Something hits you but does no damage.
You barely miss something. Something hits you!
You miss something.
You hear some strange, mumbled words.
A puff of flame appears from out of thin air!
The puff of flame hits you.
You closely miss something.
You hear some strange, mumbled words.
You are confused.
You're too confused to attack without stumbling around!
There is a strange disturbance nearby!
You hear some strange, mumbled words.
A magic dart appears from out of thin air!
The magic dart hits you but does no damage.
You're too confused to attack without stumbling around!
There is a strange disturbance nearby!
Something hits you!
You're too confused to attack without stumbling around!
There is a strange disturbance nearby!
Something hits you but does no damage.
You're too confused to attack without stumbling around!
There is a strange disturbance nearby!
You're too confused to attack without stumbling around!
There is a strange disturbance nearby!
You hear some strange, mumbled words.
You are more confused.
You're too confused to attack without stumbling around!
There is a strange disturbance nearby!
Something hits you.
You die...

##.#.#.........##>##
##....#...###.##...#####
###....>.#...............#
#.<......#...##........#.##
#.#......#................#
#.##.................(.#..#
#.########...####.....##..#
#...# #...........## .#
###.# #.)@#####<.## #
#.######..{#####....
#.##.............<...
#.##.##..._...##.#####
#.##.............#
#.##.#...........#
#.##.#._..}.....?.
#.##.#............
#.##.##....._..!..


There were no monsters in sight!

Vanquished Creatures
  An orc priest (D:3)
  An orc wizard (D:3)
  5 adders
  A worm (D:3)
  4 dart slugs
  6 orcs (D:3)
  6 endoplasms
  A giant cockroach (D:2)
  9 goblins
  4 hobgoblins
  2 quokkas
  4 ball pythons
  4 bats
  3 frilled lizards
  5 kobolds
  7 rats
63 creatures vanquished.

Vanquished Creatures (others)
  2 fungi (D:1)
  A plant (D:1)
3 creatures vanquished.

Grand Total: 66 creatures vanquished

Notes
Turn   | Place    | Note
-------+----------+-------------------------------------------
     0 | D:1      | qw the Gargoyle Fighter began the quest for the Orb.
     0 | D:1      | Reached XP level 1. HP: 14/14 MP: 1/1
     0 | D:1      | 0 ||| qw: Version: 0.2-a-17-g06abaee
     0 | D:1      | 0 ||| qw: Game counter: 2045
     0 | D:1      | 0 ||| qw: Always use a shield: true
     0 | D:1      | 0 ||| qw: God list: Okawaru
     0 | D:1      | 0 ||| qw: Allow faded altars: false
     0 | D:1      | 0 ||| qw: Do Orc after D:15 true
     0 | D:1      | 0 ||| qw: Do second Lair branch before Depths: true
     0 | D:1      | 0 ||| qw: Lair rune preference: random
     0 | D:1      | 0 ||| qw: Plans: Normal, Zot:1-4, God:TSO, Crypt, Tomb,
                  | Pan, Slime:5, Hells, Abyss, Orb
     0 | D:1      | 0 ||| PLANNING D:1-11
    63 | D:1      | 63 ||| Stepping ~*~*~tactically~*~*~ (stealth).
    66 | D:1      | Reached skill level 2 in Axes
    79 | D:1      | 79 ||| Stepping ~*~*~tactically~*~*~ (stealth).
   116 | D:1      | Reached XP level 2. HP: 19/19 MP: 2/2
   121 | D:1      | You fall into a shaft and drop 1 floor!
   157 | D:2      | 157 ||| Stepping ~*~*~tactically~*~*~ (stealth).
   247 | D:2      | 247 ||| READING scroll labelled PATOMN REOCA.
   388 | D:1      | Reached skill level 3 in Axes
   390 | D:1      | Reached XP level 3. HP: 23/23 MP: 3/3
   508 | D:1      | 508 ||| Stepping ~*~*~tactically~*~*~ (stealth).
   515 | D:1      | 515 ||| Stepping ~*~*~tactically~*~*~ (stealth).
   597 | D:1      | Found a faded altar of an unknown god.
   952 | D:1      | 952 ||| UPGRADING to +1 hat.
   957 | D:1      | 957 ||| DROPPING +2 robe of fire resistance.
   958 | D:1      | 958 ||| UPGRADING to +0 chain mail.
   968 | D:1      | 968 ||| DROPPING +0 scale mail.
   969 | D:1      | 969 ||| READING scroll labelled HAFAWA BEECAUGH.
   969 | D:1      | Identified a scroll of acquirement
   969 | D:1      | 969 ||| ACQUIRING 500 gold pieces
   969 | D:1      | Acquired 500 gold pieces
   971 | D:1      | 971 ||| READING scroll labelled IDEPUV XAGEME.
   972 | D:1      | 972 ||| READING scroll labelled UNYRHO XOGRUCY.
   973 | D:1      | 973 ||| DRINKING 3 emerald potions.
  1471 | D:2      | 1471 ||| READING scroll labelled ZEQAUCW RANOEPH.
  1472 | D:2      | 1472 ||| READING scroll labelled KIGOUBLENTI.
  1476 | D:2      | 1476 ||| READING scroll labelled KOGALA SOG SIOGISA.
  1493 | D:2      | 1493 ||| DRINKING 2 smoky purple potions.
  1594 | D:2      | 1594 ||| DRINKING 3 red potions.
  1595 | D:2      | 1595 ||| DRINKING 2 grey potions.
  1614 | D:2      | 1614 ||| DROPPING potion of ambrosia.
  1623 | D:3      | 1623 ||| STAIRDANCE
  1632 | D:2      | Reached XP level 4. HP: 27/28 MP: 4/4
  1694 | D:3      | Reached skill level 4 in Axes
  1760 | D:3      | 1760 ||| Stepping ~*~*~tactically~*~*~ (stealth).
  1857 | D:3      | 1857 ||| Stepping ~*~*~tactically~*~*~ (stealth).
  1859 | D:3      | 1859 ||| Stepping ~*~*~tactically~*~*~ (stealth).
  1861 | D:3      | 1861 ||| Stepping ~*~*~tactically~*~*~ (hiding).
  1918 | D:3      | Found a sacrificial altar of Ru.
  1919 | D:3      | 1919 ||| Stepping ~*~*~tactically~*~*~ (stealth).
  1924 | D:3      | Reached XP level 5. HP: 32/32 MP: 5/5
  1925 | D:3      | 1925 ||| Stepping ~*~*~tactically~*~*~ (stealth).
  1927 | D:3      | 1927 ||| Stepping ~*~*~tactically~*~*~ (stealth).
  1929 | D:3      | 1929 ||| Stepping ~*~*~tactically~*~*~ (stealth).
  1948 | D:3      | 1948 ||| Stepping ~*~*~tactically~*~*~ (stealth).
  1950 | D:3      | 1950 ||| Stepping ~*~*~tactically~*~*~ (stealth).
  1990 | D:3      | Found a white marble altar of Elyvilon.
  2064 | D:3      | Found a stormy altar of Qazlal.
  2066 | D:3      | Found a glowing golden altar of the Shining One.
  2070 | D:3      | Reached skill level 5 in Axes
  2131 | D:3      | 2131 ||| Stepping ~*~*~tactically~*~*~ (stealth).
  2132 | D:3      | 2132 ||| Stepping ~*~*~tactically~*~*~ (stealth).
  2139 | D:3      | Found a basalt altar of Yredelemnul.
  2140 | D:3      | 2140 ||| Stepping ~*~*~tactically~*~*~ (stealth).
  2154 | D:3      | Noticed Sigmund
  2155 | D:3      | 2155 ||| Stepping ~*~*~tactically~*~*~ (hiding).
  2179 | D:3      | HP: 7/32 [something/magic dart (8)]
  2185 | D:3      | 2185 ||| READING scroll of teleportation.
  2186 | D:3      | 2186 ||| DRINKING 2 potions of heal wounds.
  2236 | D:3      | HP: 3/32 [something (7)]
  2240 | D:3      | Slain by Sigmund

Levels and vault maps discovered:
D:1:      saegor_arrival_simple_b, layout_loops_cross,
          shapermc_ecumenical_altar_rom_forum
D:2:      layout_rooms
D:3:      layout_loops_ring, elyvilon_altar_1, grunt_temple_overflow_open,
          nicolae_ru_great_annihilating_truth, uniq_sigmund

Skill      XL: |  1  2  3  4  5 |
---------------+----------------+-----
Axes           | 2 3 4 5 |  5.0
Fighting       | |  3.5
Armour         | |  3.2
Shields        | |  3.2

Action                   |  1- 3 |  4- 6 || total
-------------------------+-------+-------++-------
Melee: War axe           |   129 |    92 ||   221
  Use: Scroll            |     7 |     1 ||     8
       Potion            |     4 |     1 ||     5
Armor: Scale mail        |    49 |       ||    49
       Chain mail        |    25 |    64 ||    89
Dodge: Dodged            |    62 |    22 ||    84
Block: Buckler           |    20 |    17 ||    37

Table legend:
 A = Non-vault XP
 B = Vault XP
 C = Vault XP percentage of total XP
 D = Non-vault monster count
 E = Vault monster count
 F = Vault count percentage of total count
                 A         B        C        D         E       F
            +---------+---------+-------+---------+---------+-------
      Total |     197 |      51 |  20.6 |      59 |       4 |   6.3
            +---------+---------+-------+---------+---------+-------
        D:1 |      44 |       0 |   0.0 |      27 |       0 |   0.0
        D:2 |      48 |       0 |   0.0 |      14 |       0 |   0.0
        D:3 |     105 |      51 |  32.7 |      18 |       4 |  18.2
            +---------+---------+-------+---------+---------+-------
